TOP OF THE 1ST |
Beloit Snappers batting - Pitching for Quad Cities River Bandits : RHP Muckle Wildriver
|
Pitching: RHP Muckle Wildriver
|
|
Batting: LHB Jeremy Brammer
|
0-0: Called Strike 0-1: Ball 1-1: Ball 2-1: SINGLE (Groundball, 6MD, EV 108.1 MPH)
|
Batting: RHB Travis Robinson
|
0-0: Called Strike 0-1: SINGLE (Groundball, 5S, EV 68.8 MPH) (infield hit) Jeremy Brammer to second
|
Batting: RHB Shannon Beck
|
0-0: Called Strike 0-1: Ball 1-1: Ball 2-1: Foul Ball, location: 2F 2-2: Foul Ball, location: 2F 2-2: Foul Ball, location: 2F 2-2: Strikes out swinging
|
Batting: RHB Moses Brokken
|
0-0: Foul Ball, location: 2F 0-1: Ball 1-1: Swinging Strike 1-2: Ball 2-2: Strikes out swinging
|
Batting: SHB Ivan Barry
|
0-0: Ground out U3 (Groundball, 3, EV 100.6 MPH)
|
Top of the 1st over - 0 runs, 2 hits, 0 errors, 2 left on base; Beloit 0 - Quad Cities 0 |
BOTTOM OF THE 1ST |
Quad Cities River Bandits batting - Pitching for Beloit Snappers : RHP Terry Evans
|
Pitching: RHP Terry Evans
|
|
Batting: LHB Bruce Arvizu
|
0-0: Called Strike 0-1: Ball 1-1: Foul Ball, location: 2F 1-2: Foul Ball, location: 2F 1-2: Strikes out looking
|
Batting: LHB Daigo Ishii
|
0-0: Ball 1-0: Called Strike 1-1: Foul Ball, location: 2F 1-2: Strikes out swinging
|
Batting: RHB Edgar Trejo
|
0-0: Foul Ball, location: 2F 0-1: Swinging Strike 0-2: Strikes out swinging, 2-3 out at first.
|
Bottom of the 1st over - 0 runs, 0 hits, 0 errors, 0 left on base; Beloit 0 - Quad Cities 0 |
TOP OF THE 2ND |
Beloit Snappers batting - Pitching for Quad Cities River Bandits : RHP Muckle Wildriver
|
Batting: RHB Tyler Stebbins
|
0-0: Ball 1-0: Fly out, F8 (Flyball, 8LXD, EV 87.5 MPH)
|
Batting: RHB Manny Moron
|
0-0: Ground out 6-3 (Groundball, 6, EV 107.5 MPH)
|
Batting: RHB Josh Mauer
|
0-0: SINGLE (Groundball, 56D, EV 108.8 MPH)
|
Batting: RHB Clay Statum
|
0-0: Called Strike 0-1: Ball 1-1: Called Strike Josh Mauer steals 2nd base 1-2: Strikes out swinging
|
Top of the 2nd over - 0 runs, 1 hit, 0 errors, 1 left on base; Beloit 0 - Quad Cities 0 |
BOTTOM OF THE 2ND |
Quad Cities River Bandits batting - Pitching for Beloit Snappers : RHP Terry Evans
|
Batting: LHB Bob Dietz
|
0-0: Swinging Strike 0-1: Swinging Strike 0-2: Ball 1-2: Ball 2-2: DOUBLE (Flyball, 8RXD, EV 105.6 MPH)
|
Batting: RHB Steve Moore
|
0-0: DOUBLE (Line Drive, 89XD, EV 108.1 MPH) Bob Dietz scores
|
Batting: RHB Ryan Salas
|
0-0: Ball 1-0: Fly out, F2 (Popup, 23F, EV 78.8 MPH)
|
Batting: RHB Evan Fry
|
0-0: Ball 1-0: Ball 2-0: Called Strike 2-1: Ball 3-1: Base on Balls
|
Batting: RHB Kieron Clark
|
0-0: Called Strike 0-1: Ball 1-1: Foul Ball, location: 2F 1-2: Ball 2-2: Ball 3-2: Base on Balls Steve Moore to third Evan Fry to second
|
Batting: RHB John Moore
|
0-0: Ball 1-0: Swinging Strike 1-1: Swinging Strike 1-2: Foul Ball, location: 2F 1-2: Strikes out swinging
|
Batting: LHB Bruce Arvizu
|
0-0: Ball 1-0: Foul Ball, location: 2F 1-1: Ball 2-1: Swinging Strike 2-2: Ball 3-2: Ground out 6-3 (Groundball, 4M, EV 90.6 MPH)
|
Bottom of the 2nd over - 1 run, 2 hits, 0 errors, 3 left on base; Beloit 0 - Quad Cities 1 |
TOP OF THE 3RD |
Beloit Snappers batting - Pitching for Quad Cities River Bandits : RHP Muckle Wildriver
|
Batting: LHB Jeremy Brammer
|
0-0: Called Strike 0-1: Ball 1-1: SOLO HOME RUN (Flyball, 7D, EV 97.5 MPH), Distance : 381 ft
|
Batting: RHB Travis Robinson
|
0-0: Called Strike 0-1: Foul Ball, location: 2F 0-2: Foul Ball, location: 2F 0-2: Ball 1-2: Strikes out swinging
|
Batting: RHB Shannon Beck
|
0-0: Ball 1-0: Ball 2-0: Ball 3-0: Base on Balls
|
Batting: RHB Moses Brokken
|
0-0: Ball 1-0: Foul Ball, location: 2F 1-1: 2-RUN HOME RUN (Flyball, 8LXD, EV 98.8 MPH), Distance : 409 ft
|
Batting: SHB Ivan Barry
|
0-0: Ground out 6-3 (Groundball, 6, EV 98.8 MPH)
|
Batting: RHB Tyler Stebbins
|
0-0: Ball 1-0: Called Strike 1-1: Ball 2-1: Ball 3-1: Called Strike 3-2: Base on Balls
|
Batting: RHB Manny Moron
|
0-0: Ball 1-0: Ball 2-0: Fly out, F8 (Flyball, 8RD, EV 98.8 MPH)
|
Top of the 3rd over - 3 runs, 2 hits, 0 errors, 1 left on base; Beloit 3 - Quad Cities 1 |
BOTTOM OF THE 3RD |
Quad Cities River Bandits batting - Pitching for Beloit Snappers : RHP Terry Evans
|
Batting: LHB Daigo Ishii
|
0-0: Called Strike 0-1: Ball 1-1: Swinging Strike 1-2: Strikes out swinging
|
Batting: RHB Edgar Trejo
|
0-0: Called Strike 0-1: Ball 1-1: Foul Ball, location: 2F 1-2: Foul Ball, location: 2F 1-2: Ball 2-2: Ball 3-2: Foul Ball, location: 2F 3-2: Fly out, F7 (Flyball, 78M, EV 72.5 MPH)
|
Batting: LHB Bob Dietz
|
0-0: Ball 1-0: Called Strike 1-1: Swinging Strike 1-2: Ball 2-2: Strikes out swinging
|
Bottom of the 3rd over - 0 runs, 0 hits, 0 errors, 0 left on base; Beloit 3 - Quad Cities 1 |
TOP OF THE 4TH |
Beloit Snappers batting - Pitching for Quad Cities River Bandits : RHP Muckle Wildriver
|
Batting: RHB Josh Mauer
|
0-0: Ground out U3 (Groundball, 3, EV 79.4 MPH)
|
Batting: RHB Clay Statum
|
0-0: Ball 1-0: Swinging Strike 1-1: Swinging Strike 1-2: Foul Ball, location: 2F 1-2: Ground out 4-3 (Groundball, 4, EV 86.2 MPH)
|
Batting: LHB Jeremy Brammer
|
0-0: Ball 1-0: Ball 2-0: Ground out 4-3 (Groundball, 4, EV 90.6 MPH)
|
Top of the 4th over - 0 runs, 0 hits, 0 errors, 0 left on base; Beloit 3 - Quad Cities 1 |
BOTTOM OF THE 4TH |
Quad Cities River Bandits batting - Pitching for Beloit Snappers : RHP Terry Evans
|
Batting: RHB Steve Moore
|
0-0: Called Strike 0-1: TRIPLE (Groundball, 3L, EV 93.8 MPH)
|
Batting: RHB Ryan Salas
|
0-0: Ball 1-0: Called Strike 1-1: Called Strike 1-2: Foul Ball, location: 2F 1-2: Fly out, F4 (Line Drive, 4, EV 70.6 MPH)
|
Batting: RHB Evan Fry
|
0-0: Foul Ball, location: 2F 0-1: Ball 1-1: Ground out 6-3 (Groundball, 6, EV 105.0 MPH)
|
Batting: RHB Kieron Clark
|
0-0: Ball 1-0: Swinging Strike 1-1: Swinging Strike 1-2: Strikes out swinging
|
Bottom of the 4th over - 0 runs, 1 hit, 0 errors, 1 left on base; Beloit 3 - Quad Cities 1 |
TOP OF THE 5TH |
Beloit Snappers batting - Pitching for Quad Cities River Bandits : RHP Muckle Wildriver
|
Batting: RHB Travis Robinson
|
0-0: Ball 1-0: Ball 2-0: Ball 3-0: Base on Balls
|
Batting: RHB Shannon Beck
|
0-0: Called Strike 0-1: Called Strike Travis Robinson steals 2nd base 0-2: Ball 1-2: Ball 2-2: Foul Ball, location: 2F 2-2: Foul Ball, location: 2F 2-2: Fly out, F8 (Flyball, 78D, EV 91.2 MPH)
|
Batting: RHB Moses Brokken
|
0-0: Ball 1-0: Called Strike 1-1: Ground out 3-1 (Groundball, 34S, EV 85.6 MPH) Travis Robinson to third
|
Batting: SHB Ivan Barry
|
0-0: Ball 1-0: Swinging Strike 1-1: Called Strike 1-2: Ball 2-2: Ball 3-2: Base on Balls
|
Batting: RHB Tyler Stebbins
|
0-0: Ball 1-0: Foul Ball, location: 2F 1-1: Ball 2-1: Swinging Strike 2-2: Foul Ball, location: 2F 2-2: Ball Wild Pitch! Travis Robinson scores Ivan Barry to second 3-2: Base on Balls
|
Batting: RHB Manny Moron
|
0-0: Foul Ball, location: 2F 0-1: Ball 1-1: 3-RUN HOME RUN (Flyball, 7D, EV 101.9 MPH), Distance : 389 ft
|
Pitching: RHP Robin Yelland
|
|
Batting: RHB Josh Mauer
|
0-0: Called Strike 0-1: Foul Ball, location: 2F 0-2: Strikes out swinging
|
Top of the 5th over - 4 runs, 1 hit, 0 errors, 0 left on base; Beloit 7 - Quad Cities 1 |
BOTTOM OF THE 5TH |
Quad Cities River Bandits batting - Pitching for Beloit Snappers : RHP Terry Evans
|
Batting: RHB John Moore
|
0-0: Called Strike 0-1: Ball 1-1: Foul Ball, location: 2F 1-2: Fly out, F4 (Popup, 4S, EV 75.0 MPH)
|
Batting: LHB Bruce Arvizu
|
0-0: Swinging Strike 0-1: Foul Ball, location: 2F 0-2: Ball 1-2: Foul Ball, location: 2F 1-2: Strikes out swinging
|
Batting: LHB Daigo Ishii
|
0-0: Ball 1-0: Foul Ball, location: 2F 1-1: Ball 2-1: Ball 3-1: Base on Balls
|
Batting: RHB Edgar Trejo
|
0-0: Ball 1-0: Fielders Choice at 2nd, U4 (Groundball, 4M, EV 95.6 MPH)
|
Bottom of the 5th over - 0 runs, 0 hits, 0 errors, 1 left on base; Beloit 7 - Quad Cities 1 |
TOP OF THE 6TH |
Beloit Snappers batting - Pitching for Quad Cities River Bandits : RHP Robin Yelland
|
Batting: RHB Clay Statum
|
0-0: Ball 1-0: Foul Ball, location: 2F 1-1: Foul Ball, location: 2F 1-2: Ball 2-2: SINGLE (Groundball, 6MD, EV 103.1 MPH)
|
Batting: LHB Jeremy Brammer
|
0-0: Ball 1-0: Ball 2-0: Ball 3-0: Base on Balls Clay Statum to second
|
Batting: RHB Travis Robinson
|
0-0: Called Strike 0-1: SINGLE (Groundball, 6MD, EV 95.0 MPH) Clay Statum to third Jeremy Brammer to second
|
Batting: RHB Shannon Beck
|
0-0: Ball 1-0: SINGLE (Groundball, 5D, EV 106.2 MPH) Clay Statum scores Jeremy Brammer to third Travis Robinson to second
|
Batting: RHB Moses Brokken
|
0-0: Foul Ball, location: 2F 0-1: Foul Ball, location: 2F 0-2: Strikes out swinging
|
Pitching: RHP James Browning
|
|
Batting: SHB Ivan Barry
|
0-0: Ball 1-0: Swinging Strike 1-1: Fielders Choice at 2nd, 3-6 (Groundball, 3, EV 106.2 MPH) Jeremy Brammer scores Travis Robinson to third
|
Batting: RHB Tyler Stebbins
|
0-0: Called Strike 0-1: Ball 1-1: Ball 2-1: Ball 3-1: Foul Ball, location: 2F 3-2: Foul Ball, location: 2F 3-2: Base on Balls Ivan Barry to second
|
Batting: RHB Manny Moron
|
0-0: SINGLE (Groundball, 56S, EV 68.1 MPH) (infield hit) Travis Robinson scores Ivan Barry to third Tyler Stebbins to second
|
Batting: RHB Josh Mauer
|
0-0: Ball 1-0: Ball 2-0: Ball 3-0: Base on Balls Ivan Barry scores Tyler Stebbins to third Manny Moron to second
|
Batting: RHB Clay Statum
|
0-0: Called Strike 0-1: Fly out, F7 (Flyball, 78M, EV 86.9 MPH)
|
Top of the 6th over - 4 runs, 4 hits, 0 errors, 3 left on base; Beloit 11 - Quad Cities 1 |
BOTTOM OF THE 6TH |
Quad Cities River Bandits batting - Pitching for Beloit Snappers : RHP Terry Evans
|
Batting: LHB Bob Dietz
|
0-0: Ball 1-0: Foul Ball, location: 2F 1-1: Foul Ball, location: 2F 1-2: Strikes out swinging
|
Pitching: LHP Alex Villagran
|
|
Batting: RHB Steve Moore
|
0-0: Ball 1-0: Ground out 5-3 (Groundball, 56S, EV 90.6 MPH)
|
Batting: RHB Ryan Salas
|
0-0: Ground out 4-3 (Groundball, 4, EV 91.9 MPH)
|
Bottom of the 6th over - 0 runs, 0 hits, 0 errors, 0 left on base; Beloit 11 - Quad Cities 1 |
TOP OF THE 7TH |
Beloit Snappers batting - Pitching for Quad Cities River Bandits : RHP James Browning
|
Batting: LHB Jeremy Brammer
|
0-0: Foul Ball, location: 2F 0-1: Swinging Strike 0-2: Ground out 3-1 (Groundball, 34, EV 88.8 MPH)
|
Pitching: RHP Devin Spears
|
|
Batting: RHB Travis Robinson
|
0-0: Called Strike 0-1: Foul Ball, location: 2F 0-2: Ball 1-2: Strikes out swinging
|
Batting: RHB Shannon Beck
|
0-0: Ball 1-0: Ball 2-0: Called Strike 2-1: Foul Ball, location: 2F 2-2: Ball 3-2: Base on Balls
|
Batting: RHB Moses Brokken
|
0-0: Ball 1-0: Ground out 6-3 (Groundball, 6S, EV 84.4 MPH)
|
Top of the 7th over - 0 runs, 0 hits, 0 errors, 1 left on base; Beloit 11 - Quad Cities 1 |
BOTTOM OF THE 7TH |
Quad Cities River Bandits batting - Pitching for Beloit Snappers : LHP Alex Villagran
|
Batting: RHB Evan Fry
|
0-0: Fly out, F8 (Line Drive, 8RM, EV 105.6 MPH)
|
Batting: RHB Kieron Clark
|
0-0: Foul Ball, location: 2F 0-1: Ball 1-1: Fly out, F7 (Line Drive, 78M, EV 93.8 MPH)
|
Batting: RHB John Moore
|
0-0: Ball 1-0: Ball 2-0: Ball 3-0: Called Strike 3-1: Called Strike 3-2: Strikes out swinging
|
Bottom of the 7th over - 0 runs, 0 hits, 0 errors, 0 left on base; Beloit 11 - Quad Cities 1 |
TOP OF THE 8TH |
Beloit Snappers batting - Pitching for Quad Cities River Bandits : RHP Devin Spears
|
Batting: SHB Ivan Barry
|
0-0: Foul Ball, location: 2F 0-1: Ball 1-1: Foul Ball, location: 2F 1-2: Foul Ball, location: 2F 1-2: SINGLE (Groundball, 5D, EV 101.9 MPH)
|
Batting: RHB Tyler Stebbins
|
0-0: Called Strike 0-1: Ball 1-1: Swinging Strike 1-2: Foul Ball, location: 2F 1-2: SINGLE (Groundball, 56S, EV 61.2 MPH) (infield hit) Ivan Barry to second
|
Pitching: RHP Malachi Shelton
|
|
Batting: RHB Manny Moron
|
0-0: SINGLE (Flyball, 3D, EV 86.9 MPH) Ivan Barry to third Tyler Stebbins to second
|
Batting: RHB Josh Mauer
|
0-0: Swinging Strike 0-1: Ball 1-1: Foul Ball, location: 2F 1-2: Ground out 6-3 (Groundball, 6S, EV 66.9 MPH) Ivan Barry scores Tyler Stebbins to third Manny Moron to second
|
Batting: RHB Clay Statum
|
0-0: Ball 1-0: Foul Ball, location: 2F 1-1: Called Strike 1-2: Ground out 6-3 (Groundball, 6, EV 103.8 MPH) Tyler Stebbins scores
|
Batting: LHB Jeremy Brammer
|
0-0: Ball 1-0: Ball 2-0: Ball 3-0: Called Strike 3-1: Foul Ball, location: 2F 3-2: SINGLE (Groundball, 6S, EV 69.4 MPH) (infield hit) Manny Moron to third
|
Batting: RHB Travis Robinson
|
0-0: Ball 1-0: Foul Ball, location: 2F 1-1: Ball 2-1: Called Strike 2-2: Strikes out swinging
|
Top of the 8th over - 2 runs, 4 hits, 0 errors, 2 left on base; Beloit 13 - Quad Cities 1 |
BOTTOM OF THE 8TH |
Quad Cities River Bandits batting - Pitching for Beloit Snappers : LHP Alex Villagran
|
Batting: LHB Bruce Arvizu
|
0-0: Ball 1-0: Ball 2-0: Swinging Strike 2-1: Foul Ball, location: 2F 2-2: Strikes out swinging
|
Batting: RHB Andrew Pride
|
0-0: Ball 1-0: Ball 2-0: Called Strike 2-1: Ball 3-1: Base on Balls
|
Batting: RHB Edgar Trejo
|
0-0: Ball 1-0: Foul Ball, location: 2F 1-1: Fly out, F9 (Flyball, 9S, EV 86.9 MPH)
|
Batting: LHB Bob Dietz
|
0-0: Called Strike 0-1: Ball 1-1: Swinging Strike 1-2: Strikes out swinging
|
Bottom of the 8th over - 0 runs, 0 hits, 0 errors, 1 left on base; Beloit 13 - Quad Cities 1 |
TOP OF THE 9TH |
Beloit Snappers batting - Pitching for Quad Cities River Bandits : RHP Malachi Shelton
|
Pitching: RHP Yoshitoshi Mori
|
|
Batting: RHB Shannon Beck
|
0-0: Ball 1-0: Ground out 6-3 (Groundball, 6, EV 96.2 MPH)
|
Batting: RHB Moses Brokken
|
0-0: Ball 1-0: Ball 2-0: Ground out 3-1 (Groundball, 34S, EV 68.8 MPH)
|
Batting: SHB Ivan Barry
|
0-0: Ball 1-0: Ball 2-0: Ball 3-0: Base on Balls
|
Batting: RHB Tyler Stebbins
|
0-0: Called Strike 0-1: Called Strike 0-2: Ball 1-2: Ball 2-2: Ball 3-2: Strikes out swinging
|
Top of the 9th over - 0 runs, 0 hits, 0 errors, 1 left on base; Beloit 13 - Quad Cities 1 |
BOTTOM OF THE 9TH |
Quad Cities River Bandits batting - Pitching for Beloit Snappers : LHP Alex Villagran
|
Batting: RHB Steve Moore
|
0-0: DOUBLE (Line Drive, 8RXD, EV 98.8 MPH)
|
Batting: RHB Ryan Salas
|
0-0: Ball 1-0: Called Strike 1-1: Foul Ball, location: 2F 1-2: SINGLE (Groundball, 56D, EV 108.1 MPH) Steve Moore to third
|
Batting: RHB Evan Fry
|
0-0: Ball 1-0: Ball Wild Pitch! Steve Moore scores Ryan Salas to second 2-0: Called Strike 2-1: Foul Ball, location: 2F 2-2: Foul Ball, location: 2F 2-2: Strikes out looking
|
Batting: RHB Kieron Clark
|
0-0: Ball 1-0: Swinging Strike 1-1: Foul Ball, location: 2F 1-2: Ball 2-2: Foul Ball, location: 2F 2-2: Strikes out looking
|
Batting: RHB John Moore
|
0-0: Ball 1-0: Ball 2-0: Foul Ball, location: 2F 2-1: Swinging Strike 2-2: Foul Ball, location: 2F 2-2: Strikes out swinging
|
Bottom of the 9th over - 1 run, 2 hits, 0 errors, 1 left on base; Beloit 13 - Quad Cities 2 |
|